AoeStats
← EMPEROR98265292

Black Forest

510039537Analyzed
4v4 RM · 4d ago on Sep 29, 2026· 36m 7s· 8 players
Game mode
Random Map
Map size
Large (8 player)
Population
200
Speed
Normal
Resources
Standard
Victory
Conquest
Starting age
Dark Age
Ending age
Imperial Age
RankedLock teamsTeams togetherTeam positionsShared explorationLock speedFull tech treeHidden civsTurbo modeCheats
Victory
Defeat
🇹🇼 Bohemians · Taiwan
1494
+14
🇨🇳 Hindustanis · China
1442
+16
🇵🇪 Goths · Peru
1413
+18
🇮🇳 Khmer · India
1402
+18
🇮🇳 Varangians · India
1544
-20
🇳🇿 Bulgarians · New Zealand
1535
-20
1436
-16
🇲🇽 Celts · Mexico
1285
-10
快樂 543
0:26 Loom
10:27 Feudal Age
12:46 Fletching
14:29 Double-Bit Axe
15:08 Horse Collar
22:05 Castle Age
23:15 Bodkin Arrow
CUAK
0:41 Loom
13:55 Feudal Age
20:49 Castle Age
adi.rathore
5:09 Loom
11:30 Feudal Age
15:03 Castle Age
14:01 Double-Bit Axe
14:00 Horse Collar
21:30 Wheelbarrow
23:57 Bloodlines
24:21 Scale Barding Armor
31:01 Imperial Age
28:29 Stone Mining
29:20 Chain Barding Armor
29:59 Husbandry
30:14 Devotion
30:52 Forging
32:16 Iron Casting
32:26 Plate Barding Armor
34:08 Blast Furnace
33:39 Hand Cart
35:32 Conscription
35:32 Tusk Swords
120057903
10:24 Feudal Age
12:04 Double-Bit Axe
14:32 Castle Age
15:05 Horse Collar
15:58 Bow Saw
16:09 Heavy Plow
22:31 Wheelbarrow
27:42 Imperial Age
24:59 Town Watch
26:19 Scale Barding Armor
26:25 Forging
27:34 Husbandry
27:44 Bloodlines
27:56 Chain Barding Armor
27:56 Heavy Camel Rider
29:28 Gold Mining
30:15 Plate Barding Armor
29:51 Imperial Camel Rider
32:01 Iron Casting
31:48 Conscription
31:29 Grand Trunk Road
33:10 Hand Cart
32:41 Loom
34:02 Blast Furnace
34:06 Coinage
35:28 Banking
35:11 Fletching
35:22 Padded Archer Armor
35:45 Stone Mining
36:31 Gold Shaft Mining
37:05 Two-Man Saw
Smitty WerbenJägerManJensen
2:28 Loom
9:39 Feudal Age
15:21 Fletching
21:57 Padded Archer Armor
26:48 Castle Age
28:12 Bodkin Arrow
27:38 Crossbowman
EMPEROR98265292
5:27 Loom
11:43 Feudal Age
12:17 Feudal Age
16:17 Castle Age
18:01 Scale Barding Armor
20:54 Double-Bit Axe
32:58 Forging
36:19 Iron Casting
Baham
0:59 Loom
12:23 Feudal Age
16:25 Castle Age
14:25 Double-Bit Axe
14:54 Horse Collar
28:11 Bow Saw
ImprovingYeti
3:58 Loom
9:32 Feudal Age
12:17 Fletching
14:50 Double-Bit Axe
15:10 Horse Collar
22:29 Castle Age
21:55 Gold Mining
21:56 Stone Mining
24:36 Scale Mail Armor
24:47 Forging
25:13 Pikeman
28:18 Wheelbarrow
28:34 Chain Mail Armor
28:54 Iron Casting
29:10 Squires
28:55 Arson
31:07 Iron Casting
35:35 Imperial Age
35:04 Hand Cart
34:51 Heavy Plow
35:01 Bow Saw
35:26 Gold Shaft Mining
35:07 Bow Saw
36:48 Plate Mail Armor
37:18 Blast Furnace
35:42 Halberdier
Connection lost

Rejoining the realm…

Still unreachable

The connection could not be restored.

Session expired

The server has moved on; the page needs a fresh start.